 Dungeon Crawl Stone Soup version 0.28.0-47-ge53b351184 (webtiles) character file.

Game seed: 17327509050517149650

107 Bruhh the Sneak (level 4, -1/24 HPs)
             Began as a Gargoyle Earth Elementalist on Apr 27, 2022.
             Killed from afar by an orc wizard (4 damage)
             ... with a magic dart
             ... on level 5 of the Dungeon.
             The game lasted 00:04:39 (2281 turns).

Bruhh the Sneak (Gargoyle Earth Elementalist)       Turns: 2281, Time: 00:04:39

Health: -1/24      AC:  5    Str: 11    XL:     4   Next: 86%
Magic:  0/8        EV: 11    Int: 18    God:
Gold:   55         SH:  0    Dex: 10    Spells: 8/9 levels left

rFire   . . .      SeeInvis .   j - staff of earth
rCold   . . .      Faith    .   (no shield)
rNeg    + . .      Spirit   .   b - +0 robe
rPois   ∞          Reflect  .   (no helmet)
rElec   +          Harm     .   (no cloak)
rCorr   .          Rampage  .   (no gloves)
Will    .....                   (no boots)
Stlth   +++.......              (no amulet)
HPRegen 0.08/turn               (no ring)
MPRegen 0.11/turn               (no ring)

@: no status effects
A: sickness immunity, AC +3, negative energy resistance 1, electricity
resistance, torment resistance 1, petrification resistance
a: no special abilities


You were on level 5 of the Dungeon.
You visited 1 branch of the dungeon, and saw 4 of its levels.

You collected 55 gold pieces.

Inventory:

Missiles
 c - 7 stones
Armour
 b - a +0 robe (worn)
Magical Staves
 j - a staff of earth (weapon)
Jewellery
 a - a ring of wizardry
Scrolls
 d - a scroll of enchant weapon {unknown}
 e - 4 scrolls of identify {unknown}
 i - a scroll of fear {unknown}
 k - a scroll of blinking {unknown}
Potions
 f - a potion of degeneration {unknown}
 g - a potion of heal wounds {unknown}
 h - 2 potions of mutation {unknown}
 l - a potion of magic {unknown}


   Skills:
 - Level 1.5 Dodging
 * Level 4.9 Stealth
 + Level 3.0 Spellcasting
 - Level 0.7 Transmutations
 - Level 3.6 Earth Magic


You had 8 spell levels left.
You knew the following spells:

 Your Spells              Type           Power      Damage    Failure   Level
a - Sandblast             Erth           46%        2d11      3%          1

Your spell library contained the following spells:

 Spells                   Type           Power      Damage    Failure   Level
 Passwall                 Tmut/Erth      12%        N/A       10%         2
 Stone Arrow              Conj/Erth      26%        3d8       24%         3
 Petrify                  Tmut/Erth      15%        N/A       54%         4


Dungeon Overview and Level Annotations

Branches:
Dungeon (3/15)

Altars:

Annotations:
D:3 Sigmund


Innate Abilities, Weirdness & Mutations

You are immune to sickness and miasma.
Your stone body is resilient. (AC +3)
You are immune to poison.
You resist negative energy. (rN+)
You are resistant to electric shocks. (rElec)
You are resistant to unholy torment.
You are immune to petrification.


Message History

Casting: Sandblast (safe; 3% risk of failure)
Confirm with . or Enter, or press ? or * to list all spells.
Aiming: Sandblast (safe; 3% risk of failure)
Press: ? - help, Shift-Dir - straight line, f - Sigmund
Aim: Sigmund, wielding a +1 antimagic scythe and wearing a +1 robe of cold resistance (wandering, hasn't noticed you, 78% to hit)
You feel a surge of power!
The blast of sand hits Sigmund!
Sigmund is moderately wounded.
Sigmund shouts!
You hear a shout!
Sigmund casts a spell at you. The magic dart hits you.
* * * LOW HITPOINT WARNING * * *
Casting: Sandblast (safe; 3% risk of failure)
Confirm with . or Enter, or press ? or * to list all spells.
Aiming: Sandblast (safe; 3% risk of failure)
Press: ? - help, Shift-Dir - straight line, f/p - Sigmund
Aim: Sigmund, wielding a +1 antimagic scythe and wearing a +1 robe of cold resistance (moderately wounded, 78% to hit)
You feel a surge of power!
The blast of sand misses Sigmund.
Sigmund closely misses you.
Casting: Sandblast (safe; 3% risk of failure)
Confirm with . or Enter, or press ? or * to list all spells.
Aiming: Sandblast (safe; 3% risk of failure)
Press: ? - help, Shift-Dir - straight line, f/p - Sigmund
Aim: Sigmund, wielding a +1 antimagic scythe and wearing a +1 robe of cold resistance (moderately wounded, 78% to hit)
You feel a surge of power!
The blast of sand misses Sigmund.
A bat comes into view.
Sigmund hits you with a +1 antimagic scythe.
* * * LOW HITPOINT WARNING * * *
A sourceless malevolence fills the Dungeon...
You fall into a shaft and drop 2 floors!
The shaft crumbles and collapses.
A killer bee, an orc wizard and 4 orcs come into view.
An orc is wielding a +0 flail of protection.
The orc shouts! x2; The killer bee buzzes angrily.
You hear an angry buzzing noise.
You hear a shout!
You hear an angry buzzing noise.
Found a buckler, a copper ring and 18 gold pieces.
A killer bee comes into view.
The orc wizard points at you and mumbles some strange words.
The magic dart hits you.
You die...

$..# ... #..
##.. ..##... #
..y..oo## .#
[..y..oo## .#
######...##..#
##=o@..#
##...## #...##
#...## ....##
...## ####


You could see 2 killer bees, an orc wizard and 4 orcs.

Vanquished Creatures
  Terence (D:3)
  3 gnolls (D:2)
  An adder (D:2)
  A worm (D:2)
  A dart slug (D:1)
  5 endoplasms
  3 goblins
  7 hobgoblins
  3 jackals (D:2)
  A quokka (D:1)
  7 bats
  A frilled lizard (D:1)
  A kobold (D:2)
  A rat (D:1)
36 creatures vanquished.

Notes
Turn   | Place    | Note
-------+----------+-------------------------------------------
     0 | D:1      | Bruhh the Gargoyle Earth Elementalist began the quest for
                  | the Orb.
     0 | D:1      | Reached XP level 1. HP: 10/10 MP: 3/3
   260 | D:1      | Reached XP level 2. HP: 15/15 MP: 3/5
   395 | D:1      | Reached skill level 3 in Stealth
   995 | D:1      | Reached XP level 3. HP: 19/19 MP: 4/6
  1393 | D:2      | Found a faded altar of an unknown god.
  1608 | D:2      | Reached skill level 4 in Stealth
  1665 | D:2      | Reached XP level 4. HP: 10/24 MP: 3/8
  2263 | D:3      | Noticed Terence
  2269 | D:3      | Killed Terence
  2274 | D:3      | Noticed Sigmund
  2279 | D:3      | You fall into a shaft and drop 2 floors!
  2279 | D:5      | Entered Level 5 of the Dungeon
  2281 | D:5      | Killed from afar by an orc wizard

Illustrated notes

Levels and vault maps discovered:
D:1:      minmay_arrival_floating_metal, layout_basic
D:2:      layout_basic, shapermc_ecumenical_altar_totnotflames,
          grunt_decor_arrowhead
D:3:      layout_loops_ring, minmay_hedge_maze, kennysheep_jessica_study,
          uniq_ijyb, uniq_terence, uniq_sigmund, uniq_crazy_yiuf_cottage
D:5:      layout_loops_ring, led_sif_pool, nemelex_xobeh_ov_fountains_minmay,
          bloody_makhleb, nicolae_sextant, uniq_prince_ribbit1, uniq_menkaure,
          uniq_edmund

Skill      XL: |  1  2  3  4 |
---------------+-------------+-----
Stealth        | 3 4 |  4.9
Spellcasting   | 3 |  3.0
Dodging        | |  1.5
Transmutations | |  0.7
Earth Magic    | |  3.6

Action                   |  1- 3 |  4- 6 || total
-------------------------+-------+-------++-------
Melee: Unarmed           |    43 |       ||    43
 Cast: Sandblast         |    50 |    13 ||    63
Armor: Robe              |    43 |       ||    43
Dodge: Dodged            |    54 |     2 ||    56
